 Dungeon Crawl Stone Soup version 0.23.2 (webtiles) character file.

Game seed: 15875219064946884843

9629 teukkam the Blocker (level 11, -1/100 HPs)
             Began as a Minotaur Fighter on Apr 4, 2019.
             Was a Priest of Zin.
             Slain by a wolf spider (7 damage)
             ... in a Gauntlet.
             The game lasted 00:34:20 (8127 turns).

teukkam the Blocker (Minotaur Fighter)              Turns: 8127, Time: 00:34:21

Health: -1/100     AC: 11    Str: 26    XL:     11   Next: 25%
Magic:  10/10      EV:  4    Int:  5    God:    Zin [***...]
Gold:   323        SH:  0    Dex: 16    Spells: 10/10 levels left

rFire    . . .     SeeInvis .   a - +2 executioner's axe (elec)
rCold    . . .     Gourm    .   (shield currently unavailable)
rNeg     . . .     Faith    .   L - +0 chain mail
rPois    .         Spirit   .   (helmet restricted)
rElec    .         Reflect  +   (no cloak)
rCorr    .         Harm     .   (no gloves)
MR       .....     NoTele   +   (no boots)
Stlth    ..........             n - +5 amulet of reflection
HPRegen  0.66/turn              e - +6 ring of dexterity
MPRegen  0.12/turn              (no ring)

@: held
A: retaliatory headbutt, horns 2, regeneration 1, strong 1
a: Recite, Vitalisation, Imprison, Donate Gold, Renounce Religion


You were in a Gauntlet.
You worshipped Zin.
Zin was most pleased with you.
You were not hungry.

You visited 2 branches of the dungeon, and saw 12 of its levels.
You also visited: Sewer and Gauntlet.

You collected 358 gold pieces.
You donated 35 gold pieces to Zin.

Inventory:

Hand Weapons
 a - a +2 executioner's axe of electrocution (weapon)
 b - a +0 hunting sling
 u - a +1 dagger of venom
 x - a +1 war axe
 y - a +1 spear of venom
 A - a +0 shortbow of freezing
 C - a +1 mace of crushing
 E - a +0 lajatang
Missiles
 c - 24 tomahawks (quivered)
 k - 14 sling bullets
 s - 206 stones
 w - 7 curare-tipped needles
 B - 148 arrows
 D - 12 poisoned needles
 K - 6 javelins
 N - 8 needles of sleeping
Armour
 j - a +0 large shield
 r - a +3 chain mail
 L - a +0 chain mail (worn)
Magical Staves
 z - an uncursed staff of poison
Jewellery
 e - a +6 ring of dexterity (left hand)
 m - an uncursed amulet of faith {unknown}
 n - a +5 amulet of reflection (around neck)
Wands
 g - a wand of polymorph (6)
 i - a wand of paralysis (1)
 t - a wand of flame (21)
 F - a wand of enslavement (8)
 I - a wand of iceblast (15)
 O - a wand of acid (5)
Scrolls
 d - 3 scrolls of fear
 l - 5 scrolls of enchant armour
 o - 3 scrolls of identify
 q - 3 scrolls of teleportation
 G - a scroll of torment {unknown}
 J - a scroll of noise {unknown}
 M - a scroll of vulnerability {unknown}
Potions
 h - 6 potions of curing
 p - 2 potions of magic
 v - a potion of haste
 H - a potion of heal wounds
Comestibles
 f - 18 rations


   Skills:
 + Level 10.2 Fighting
 + Level 10.0 Axes
 + Level 3.6 Staves
 + Level 7.1 Slings
 + Level 10.3 Armour
 + Level 10.3 Shields


You had 10 spell levels left.
You didn't know any spells.
Your spell library contained the following spells:

 Spells                   Type           Power        Failure   Level  Hunger
 Confusing Touch          Hex            #.....       94%         1    ##.....
 Corona                   Hex            #......      94%         1    ##.....
 Magic Dart               Conj           #...         94%         1    ##.....
 Blink                    Tloc           N/A          98%         2    ###....
 Call Imp                 Summ           #.......     98%         2    ###....
 Ensorcelled Hibernation  Hex/Ice        #.....       98%         2    ###....
 Slow                     Hex            #.......     98%         2    ###....
 Confuse                  Hex            #.......     100%        3    ####...
 Conjure Flame            Conj/Fire      #.......     100%        3    ####...
 Dazzling Spray           Conj/Hex       #.....       100%        3    ####...
 Gell's Gravitas          Tloc           #.........   100%        3    ####...
 Mephitic Cloud           Conj/Pois/Air  #.......     100%        3    ####...
 Tukima's Dance           Hex            #.......     100%        3    ####...
 Petrify                  Tmut/Erth      #.......     100%        4    #####..
 Metabolic Englaciation   Hex/Ice        #.........   100%        5    ######.
 Yara's Violent Unravell  Hex/Tmut       #.........   100%        5    ######.


Dungeon Overview and Level Annotations

Branches:
Dungeon (11/15)            Temple (1/1) D:7
   Lair: D:8-11         Orc: D:9-12

Altars:
Ashenzari
Dithmenos
Elyvilon
Fedhas
Gozag
Hepliaklqana
Kikubaaqudgha
Makhleb
Okawaru
Qazlal
Ru
Sif Muna
Uskayaw
Vehumet
Wu Jian
Xom
Yredelemnul
Zin
The Shining One

Shops:
D:4 =   D:7 !

Annotations:
Gauntlet 1 transporter


Innate Abilities, Weirdness & Mutations

You reflexively headbutt those who attack you in melee.
You have a pair of horns on your head.
Your natural rate of healing is unusually fast.
Your muscles are strong. (Str +2)


Message History

The entropy weaver hits you but does no damage.
The entropy weaver hits you.
The entropy weaver hits you but does no damage.
The jumping spider barely misses you. The jumping spider bites you.
The wolf spider hits you. The wolf spider bites you!
You hit the jumping spider. You headbutt the jumping spider.
The jumping spider is lightly wounded.
You closely miss the entropy weaver. You closely miss the wolf spider.
The jumping spider pounces on you.
You are caught in a web!
The jumping spider bites you.
The entropy weaver completely misses you.
You furiously retaliate!
You headbutt the entropy weaver. The entropy weaver hits you!
* * * LOW HITPOINT WARNING * * *
The entropy weaver hits you!
* * * LOW HITPOINT WARNING * * *
The entropy weaver hits you.
* * * LOW HITPOINT WARNING * * *
The wolf spider hits you!
You die...

...##### ≈...##########
........
...............8.....8
##.8.....8.............
#≈...............######
.##...#########...#.....
..#...#.......#...#.#.†.
8.#...#(s..##.#####!.##Y
..#...#@a##.#s#...#!.##.
8.#.8.#s.#©.#.#©.©#p.#YY
..#...#.#..##.#...#Y.##.
8.#...#[####..#####".##.
..#...#.......#...#.#...
.##...#########...#.....
#≈...............######
##.8.....8.............
...............8.....8


You could see an entropy weaver, a wolf spider and a jumping spider.

Vanquished Creatures
  A hydra (D:8)
  A two-headed ogre (D:8)
  2 death yaks (Gauntlet)
  An ugly thing (D:11)
  The ghost of Rwicked the Slicer, a novice HaBe of Trog (D:4)
  Prince Ribbit (D:8)
  A troll (D:7)
  A hippogriff (D:7)
  12 yaks (D:9)
  A wyvern (D:11)
  A hungry ghost (D:8)
  Menkaure (D:4)
  2 sky beasts
  3 orc warriors
  6 ogres
  A phantom (D:11)
  2 centaurs
  Blork the orc (D:6)
  A big kobold (D:9)
  4 bullfrogs
  A gnoll sergeant (D:7)
  A scorpion (D:4)
  9 killer bees
  A howler monkey (D:4)
  3 electric eels (D:8)
  4 crimson imps
  2 hounds
  A jelly (D:6)
  5 orc priests
  A bullfrog skeleton (D:4)
  2 iguanas
  Natasha (thrice) (D:4)
  8 orc wizards
  4 worker ants
  A worker ant zombie (D:9)
  A howler monkey skeleton (D:7)
  14 gnolls
  12 adders
  4 river rats
  3 shadow imps
  2 oozes (D:6)
  2 worms
  4 leopard geckos
  20 orcs
  4 ball pythons
  6 bats
  3 giant cockroaches
  3 hobgoblins
  5 jackals
  10 kobolds
  5 quokkas
  A ball python skeleton (D:4)
  6 frilled lizards
  A giant cockroach zombie (D:5)
  4 goblins
  A jackal skeleton (D:4)
  A leopard gecko zombie (D:5)
  A quokka skeleton (D:4)
  A quokka zombie (D:6)
  19 rats
223 creatures vanquished.

Vanquished Creatures (others)
  2 centaurs
2 creatures vanquished.

Grand Total: 225 creatures vanquished

Notes
Turn   | Place    | Note
-------+----------+-------------------------------------------
     0 | D:1      | teukkam the Minotaur Fighter began the quest for the Orb.
     0 | D:1      | Reached XP level 1. HP: 19/19 MP: 0/0
   308 | D:2      | Reached XP level 2. HP: 27/27 MP: 1/1
   399 | D:3      | Reached XP level 3. HP: 21/33 MP: 2/2
   448 | D:3      | Reached XP level 4. HP: 11/41 MP: 3/3
   860 | D:3      | Found a glowing drain.
   866 | Sewer    | Entered a sewer
   874 | Sewer    | Reached XP level 5. HP: 45/47 MP: 4/4
  1359 | D:3      | Gained mutation: Your natural rate of healing is unusually
                  | fast. [potion of mutation]
  1359 | D:3      | Gained mutation: You are dopey. (Int -2) [potion of
                  | mutation]
  1359 | D:3      | Lost mutation: You are dopey. (Int -2) [potion of mutation]
  1359 | D:3      | Gained mutation: Your muscles are strong. (Str +2) [potion
                  | of mutation]
  1555 | D:3      | Reached skill level 5 in Fighting
  1723 | D:4      | Found a white marble altar of Elyvilon.
  1727 | D:4      | Reached skill level 5 in Armour
  1727 | D:4      | Reached skill level 5 in Shields
  1752 | D:5      | Entered Level 5 of the Dungeon
  1761 | D:5      | Reached XP level 6. HP: 55/56 MP: 5/5
  1816 | D:5      | You fall through a shaft for 2 floors!
  1836 | D:6      | Noticed an orc warrior
  1852 | D:6      | Killed an orc warrior
  2035 | D:4      | Reached skill level 5 in Axes
  2035 | D:4      | Reached XP level 7. HP: 38/62 MP: 6/6
  2151 | D:5      | Paralysed by an orc for 3 turns
  2434 | D:4      | Noticed Natasha
  2438 | D:4      | Noticed Menkaure
  2440 | D:4      | Killed Natasha
  2440 | D:4      | Reached XP level 8. HP: 71/71 MP: 7/7
  2447 | D:4      | Killed Menkaure
  2503 | D:4      | Noticed Natasha
  2515 | D:4      | Killed Natasha
  2587 | D:4      | Noticed Natasha
  2597 | D:4      | Killed Natasha
  3611 | D:2      | Found a blossoming altar of Fedhas.
  3797 | D:4      | Found a runed translucent door.
  3797 | D:4      | Noticed Rwicked's ghost (novice HaBe)
  3808 | D:4      | Killed Rwicked's ghost
  3883 | D:4      | Found Weathral's Jewellery Shop.
  4455 | D:7      | Noticed a troll
  4460 | D:7      | Killed a troll
  4488 | D:7      | Reached XP level 9. HP: 80/80 MP: 8/8
  4551 | D:7      | Found a staircase to the Ecumenical Temple.
  4561 | Temple   | Entered the Ecumenical Temple
  4662 | Temple   | Became a worshipper of Zin the Law-Giver
  4662 | Temple   | Reached * piety under Zin
  4729 | D:8      | Noticed Prince Ribbit
  4750 | D:8      | Killed Prince Ribbit
  4828 | D:8      | Noticed a two-headed ogre
  4842 | D:8      | Killed a two-headed ogre
  5059 | D:7      | Found Teiffe's Distillery.
  5675 | D:8      | Reached skill level 5 in Slings
  5746 | D:8      | Reached XP level 10. HP: 91/91 MP: 9/9
  6073 | D:9      | Reached ** piety under Zin
  6397 | D:8      | Reached skill level 1 in Staves
  6613 | D:8      | Reached *** piety under Zin
  6706 | D:8      | Noticed a six-headed hydra
  6786 | D:8      | Killed a six-headed hydra
  6786 | D:8      | Reached skill level 10 in Armour
  6786 | D:8      | Reached skill level 10 in Shields
  7008 | D:6      | Reached skill level 10 in Fighting
  7143 | D:6      | Noticed Blork the orc
  7147 | D:6      | Killed Blork the orc
  7724 | D:10     | Entered Level 10 of the Dungeon
  7833 | D:10     | Reached XP level 11. HP: 99/99 MP: 10/10
  7931 | D:11     | Noticed a death yak
  7932 | D:11     | Noticed a death yak
  7935 | D:11     | Noticed a purple ugly thing
  7942 | D:11     | Killed a purple ugly thing
  7953 | D:11     | Identified a scroll of acquirement
  7964 | D:11     | Found a gate leading to a gauntlet.
  7968 | Gauntlet | Entered a Gauntlet
  7968 | Gauntlet | Found a transporter.
  7972 | Gauntlet | Noticed a death yak
  7972 | Gauntlet | Noticed a death yak
  7972 | Gauntlet | Noticed a death yak
  7972 | Gauntlet | Noticed a death yak
  7972 | Gauntlet | Noticed a necromancer
  7972 | Gauntlet | Found a transporter.
  7976 | Gauntlet | Killed a death yak
  7976 | Gauntlet | Noticed a death yak
  7981 | Gauntlet | Killed a death yak
  7981 | Gauntlet | Reached skill level 10 in Axes
  7982 | Gauntlet | Found a transporter.
  7985 | Gauntlet | Noticed a wolf spider
  8121 | Gauntlet | Noticed an entropy weaver
  8122 | Gauntlet | Found a transporter.
  8127 | Gauntlet | Slain by a wolf spider

Skill      XL: |  1  2  3  4  5  6  7  8  9 10 11 |
---------------+----------------------------------+-----
Shields        | 4 5 6 7 8 10 | 10.3
Fighting       | 4 5 6 7 9 10 | 10.2
Axes           | 3 4 5 6 7 8 9 10 | 10.0
Armour         | 4 5 6 7 8 10 | 10.3
Slings         | 3 5 6 7 |  7.1
Staves         | 2 3 |  3.6

Action                   |  1- 3 |  4- 6 |  7- 9 | 10-12 || total
-------------------------+-------+-------+-------+-------++-------
Melee: War axe           |    31 |   134 |   223 |   188 ||   576
       Headbutt          |     3 |    28 |    65 |    68 ||   164
       Spear             |       |       |       |     9 ||     9
       Executioner's axe |       |       |       |     8 ||     8
 Fire: Hunting sling     |       |       |     8 |    33 ||    41
Throw: Tomahawk          |       |       |       |     1 ||     1
Evoke: Wand              |       |     1 |       |     3 ||     4
  Use: Scroll            |       |     9 |     5 |     6 ||    20
       Potion            |       |    10 |     2 |     2 ||    14
  Eat: Chunk             |       |     4 |     3 |     1 ||     8
       Ration            |       |       |     3 |     2 ||     5
Armor: Scale mail        |    16 |    48 |    11 |       ||    75
       Skin              |       |    11 |       |       ||    11
       Chain mail        |       |       |    45 |    46 ||    91
Dodge: Dodged            |     5 |    38 |    15 |    17 ||    75
Block: Shield            |    16 |   116 |    37 |       ||   169
       Large shield      |       |       |   230 |   199 ||   429
       Reflection        |       |       |    21 |     8 ||    29
       Other             |       |       |       |     6 ||     6
